 Dungeon Crawl Stone Soup version 0.25-a0-258-g6d7e32a812 (webtiles) character file.

Game seed: 17439029923386672199, levelgen mode: classic

975 Borgoz the Slasher (level 8, -6/48 HPs)
             Began as a Gargoyle Gladiator on Dec 6, 2019.
             Mangled by a two-headed ogre
             ... wielding a +0 giant club
              (10 damage)
             ... on level 6 of the Dungeon.
             The game lasted 00:06:58 (4375 turns).

Borgoz the Slasher (Gargoyle Gladiator)             Turns: 4375, Time: 00:06:59

Health: -6/48      AC: 15    Str: 23    XL:     8   Next: 16%
Magic:  8/8        EV: 17    Int: 12    God:
Gold:   59         SH:  0    Dex: 13    Spells: 7/7 levels left

rFire    x . .     SeeInvis .   a - +1 long sword
rCold    + . .     Gourm    .   (no shield)
rNeg     + . .     Faith    .   b - +0 leather armour
rPois    ∞         Spirit   .   c - +0 helmet
rElec    +         Reflect  .   (no cloak)
rCorr    .         Harm     .   v - +2 pair of gloves
MR       +....                  m - +1 pair of boots
Stlth    +.........             (no amulet)
HPRegen  0.16/turn              u - +4 ring of evasion
MPRegen  0.11/turn              w - ring "Vumefie" {Ice MR+ Str+4 Int+4}

@: no status effects
A: negative energy resistance 1, electricity resistance, unbreathing,
petrification resistance, rot immunity, AC +5
a: no special abilities


You were on level 6 of the Dungeon.
You were not hungry.

You visited 1 branch of the dungeon, and saw 6 of its levels.

You collected 204 gold pieces.
You spent 145 gold pieces at shops.

Inventory:

Hand Weapons
 a - a +1 long sword (weapon)
Armour
 b - a +0 leather armour (worn)
 c - a +0 helmet (worn)
 m - a +1 pair of boots (worn)
 v - a +2 pair of gloves (worn)
Jewellery
 u - a +4 ring of evasion (left hand)
 w - the ring "Vumefie" (right hand) {Ice MR+ Str+4 Int+4}
   (You found it on level 4 of the Dungeon)

   [ring of ice]

   It enhances your ice magic.
   It affects your strength (+4).
   It affects your intelligence (+4).
   It makes you vulnerable to fire.
   It protects you from cold.
   It affects your resistance to hostile enchantments.
Wands
 g - a wand of flame (17)
Scrolls
 e - a scroll of enchant armour
 k - 3 scrolls of identify
 l - a scroll of remove curse
 o - a scroll of magic mapping
 q - a scroll of teleportation
Potions
 h - a potion of haste
 j - a potion of brilliance
 n - a potion of berserk rage
 p - a potion of curing
 r - 2 potions of might
 s - a potion of cancellation
 t - a potion of flight {unknown}
 x - 2 potions of invisibility
 z - a potion of heal wounds
Comestibles
 f - 16 rations
 i - 3 chunks of flesh


   Skills:
 + Level 4.9 Fighting
 * Level 5.9 Long Blades
 - Level 1.7 Throwing
 + Level 4.2 Armour
 + Level 4.1 Dodging


You had 7 spell levels left.
You didn't know any spells.
Your spell library was empty.

Dungeon Overview and Level Annotations

Branches:
Dungeon (6/15)
 Temple: D:4-7

Altars:
Dithmenos
Elyvilon
Gozag
Uskayaw

Shops:
D:5 ?


Innate Abilities, Weirdness & Mutations

You are resistant to torment.
Your stone body is resilient. (AC +5)
You are immune to poison.
You resist negative energy. (rN+)
You are resistant to electric shocks. (rElec)
You can survive without breathing.
You are immune to petrification.
You are immune to rotting.


Message History

The two-headed ogre is severely wounded.
The two-headed ogre struggles against the net.
You catch the helpless two-headed ogre completely off-guard!
You hit the two-headed ogre but do no damage.
The two-headed ogre is severely wounded.
The two-headed ogre struggles against the net. x2
You hit the two-headed ogre.
The two-headed ogre is almost dead.
The two-headed ogre struggles against the net.
You hit the two-headed ogre.
The two-headed ogre is almost dead.
The two-headed ogre struggles against the net.
You hit the two-headed ogre.
The two-headed ogre is almost dead.
The two-headed ogre struggles against the net.
The net rips apart, and the two-headed ogre comes free!
You hit the two-headed ogre.
The two-headed ogre is almost dead.
The two-headed ogre hits you with a +0 giant club!
You die...

..(...# #.....#
#.....# #.....#
+.....# #.....# #...
#......#.O...#
+....#......#.@...#
#..##......#.....#
####<.##......#.....#
.....(........#.....#
..............#.....#
.............##....##
.........<...##....##
####..##.....#......#
..##.)##.....#......#


You could see a two-headed ogre.

Vanquished Creatures
  A sky beast (D:5)
  Blork the orc (D:6)
  2 bullfrogs
  2 howler monkeys
  2 crimson imps
  3 hounds
  An orc wizard (D:4)
  A bullfrog skeleton (D:4)
  Ijyb (D:3)
  3 hell rats (D:5)
  2 worker ants (D:4)
  4 gnolls (D:5)
  4 river rats (D:5)
  4 adders
  A shadow imp (D:5)
  An adder zombie (D:5)
  An adder skeleton (D:5)
  5 dart slugs
  3 leopard geckos
  10 orcs
  3 ball pythons
  5 giant cockroaches
  5 goblins
  10 hobgoblins
  6 jackals
  4 quokkas
  6 bats
  11 frilled lizards
  A jackal zombie (D:5)
  10 kobolds
  22 rats
135 creatures vanquished.

Notes
Turn   | Place    | Note
-------+----------+-------------------------------------------
     0 | D:1      | Borgoz the Gargoyle Gladiator began the quest for the Orb.
     0 | D:1      | Reached XP level 1. HP: 12/12 MP: 1/1
   126 | D:1      | Reached XP level 2. HP: 16/18 MP: 2/2
   248 | D:1      | Reached skill level 3 in Long Blades
   403 | D:1      | Reached skill level 1 in Armour
   413 | D:1      | Reached XP level 3. HP: 12/22 MP: 3/3
  1041 | D:2      | Reached XP level 4. HP: 27/27 MP: 4/4
  1681 | D:3      | Found a shadowy altar of Dithmenos.
  1760 | D:3      | Noticed Ijyb
  1778 | D:3      | Killed Ijyb
  1778 | D:3      | Reached XP level 5. HP: 24/32 MP: 5/5
  2044 | D:3      | Found an opulent altar of Gozag.
  2377 | D:4      | Reached skill level 4 in Long Blades
  2456 | D:4      | Reached XP level 6. HP: 26/37 MP: 6/6
  2953 | D:4      | Found a white marble altar of Elyvilon.
  3175 | D:4      | Got a scintillating wooden ring
  3179 | D:4      | Identified the ring "Vumefie" {Ice MR+ Str+4 Int+4} (You
                  | found it on level 4 of the Dungeon)
  3368 | D:5      | Entered Level 5 of the Dungeon
  3637 | D:5      | Reached XP level 7. HP: 43/43 MP: 7/7
  3656 | D:5      | Reached skill level 5 in Long Blades
  3794 | D:5      | Found Quhoniogg's Magic Scroll Emporium.
  3801 | D:5      | Bought a scroll of identify for 20 gold pieces
  3801 | D:5      | Bought a scroll of identify for 20 gold pieces
  3801 | D:5      | Bought a scroll of magic mapping for 35 gold pieces
  3801 | D:5      | Bought a scroll of identify for 20 gold pieces
  3801 | D:5      | Bought a scroll of teleportation for 30 gold pieces
  3801 | D:5      | Bought a scroll of identify for 20 gold pieces
  3856 | D:5      | Found a hide-covered altar of Uskayaw.
  4147 | D:5      | Found the +2 ratskin cloak {+Rats rPois rN+ Str-1 Int-1
                  | Dex+1}
  4288 | D:6      | Noticed Blork the orc
  4298 | D:6      | Killed Blork the orc
  4298 | D:6      | Reached XP level 8. HP: 48/48 MP: 8/8
  4354 | D:6      | Noticed a two-headed ogre
  4375 | D:6      | Mangled by a two-headed ogre

Levels and vault maps discovered:
D:1:      dpeg_arrival_brainrot, layout_basic
D:2:      layout_rooms, st_stairs_10
D:3:      layout_basic, lemuel_doored_altar,
          nicolae_dithmenos_through_a_glass_darkly, uniq_ijyb
D:4:      layout_loops_corners, elyvilon_altar_3, first_ration
D:5:      wander_guarded_unrand_ratskin, layout_cave_pools,
          eat_drink_and_be_merry_uskayaw, serial_shops, shop
D:6:      layout_gridville, overflow_temple_1_default,
          gammafunk_temple_overflow_elements, serial_park_tiny_1,
          uniq_blork_the_orc

Skill      XL: |  1  2  3  4  5  6  7 |
---------------+----------------------+-----
Long Blades    | 3 4 5 |  5.9
Armour         | 1 2 3 4 |  4.2
Fighting       | 3 4 |  4.9
Dodging        | 3 4 |  4.1
Throwing       | |  1.7

Action                   |  1- 3 |  4- 6 |  7- 9 || total
-------------------------+-------+-------+-------++-------
Melee: Long sword        |   122 |   190 |   107 ||   419
Throw: Throwing net      |       |       |     3 ||     3
  Use: Scroll            |     3 |    11 |     1 ||    15
       Potion            |     1 |     2 |       ||     3
 Stab: Sleeping          |       |     1 |     1 ||     2
       Held in net/web   |       |       |     1 ||     1
  Eat: Chunk             |     1 |     8 |     3 ||    12
Armor: Leather armour    |    56 |    64 |    31 ||   151
Dodge: Dodged            |    96 |   166 |    89 ||   351
       Rpst.: Long sword |    28 |    54 |    36 ||   118

Table legend:
 A = Non-vault XP
 B = Vault XP
 C = Vault XP percentage of total XP
 D = Non-vault monster count
 E = Vault monster count
 F = Vault count percentage of total count
                 A         B        C        D         E       F
            +---------+---------+-------+---------+---------+-------
      Total |    1081 |     313 |  22.5 |     109 |      26 |  19.3
            +---------+---------+-------+---------+---------+-------
        D:1 |      44 |       2 |   4.3 |      26 |       1 |   3.7
        D:2 |      44 |       5 |  10.2 |      23 |       2 |   8.0
        D:3 |      63 |      36 |  36.4 |      23 |       1 |   4.2
        D:4 |     321 |       0 |   0.0 |      18 |       0 |   0.0
        D:5 |     435 |     170 |  28.1 |      16 |      21 |  56.8
        D:6 |     174 |     100 |  36.5 |       3 |       1 |  25.0
            +---------+---------+-------+---------+---------+-------
